[Event "Titled Tuesday Blitz June 6 Early 2023"]
[White "Ibarra Jerez, Jose Carlos"]
[Black "Ismayil, Malak"]
[WhiteFideId "2226332"]
[BlackFideId "13412604"]
[WhiteElo "2631"]
[BlackElo "1868"]
[Result "1-0"]
[Round "1"]
[TimeControl "180+2"]
[Date "2023.06.06"]
[WhiteClock "0:00:15"]
[BlackClock "0:00:07"]
[Board "24"]

1. e4 e5 2. Nf3 Nc6 3. Bb5 a6 4. Bxc6 dxc6 5. O-O Bd6 6. d4 Qe7 7. dxe5 Bxe5 8. Nxe5 Qxe5 9. Nc3 Nf6 10. f4 Qc5+ 11. Kh1 Be6 12. Qe1 O-O-O 13. f5 Bc4 14. Rf3 Rhe8 15. Be3 Qe5 16. b3 Bd5 17. exd5 Ng4 18. Rg3 Nxe3 19. dxc6 Nxf5 20. cxb7+ Kxb7 21. Qxe5 Rxe5 22. Rf3 f6 23. Raf1 Nd4 24. R3f2 Rc5 25. Na4 Rxc2 26. h3 Rxf2 27. Rxf2 Nc6 28. Nc5+ Kb6 29. Ne6 Rd7 30. Kh2 Re7 31. Nf4 Rd7 32. Ne6 Ne5 33. Rc2 g6 34. Nc5 Rd5 35. Na4+ Kb7 36. Nc5+ Kb6 37. Ne6 c6 38. b4 Rd6 39. Nc5 Rd5 40. Na4+ Kb5 41. Nc3+ Kxb4 42. Nxd5+ cxd5 43. Kg3 d4 44. Rc7 d3 45. Kf2 Nc4 46. Ke1 Kc3 47. Kd1 Kd4 48. Rxh7 Ne3+ 49. Kd2 Nxg2 50. Rd7+ Ke4 51. Rxd3 Nf4 52. Ra3 Kf5 53. Ra5+ Ke4 54. Rxa6 Nxh3 55. Rxf6 g5 56. a4 Kd5 57. a5 Nf4 58. a6 Ne6 59. Rxe6 Kxe6 60. a7 1-0


[Site "https://www.chess.com"]

[Event "Titled Tuesday Blitz June 6 Early 2023"]
[White "Turzo, Attila"]
[Black "Babazada, Khazar"]
[WhiteFideId "704954"]
[BlackFideId "13413554"]
[WhiteElo "2480"]
[BlackElo "2369"]
[Result "0-1"]
[Round "1"]
[TimeControl "180+2"]
[Date "2023.06.06"]
[WhiteClock "0:00:41"]
[BlackClock "0:00:24"]
[Board "25"]

1. d4 Nf6 2. c4 e6 3. g3 d5 4. Bg2 Nbd7 5. Nf3 Bb4+ 6. Bd2 Be7 7. Qc2 O-O 8. O-O c6 9. Bf4 a5 10. Nbd2 a4 11. e4 dxe4 12. Nxe4 Nxe4 13. Qxe4 Nf6 14. Qc2 Qa5 15. Rad1 Bd7 16. Ne5 Rfd8 17. Rd3 Be8 18. Rfd1 a3 19. b3 Nd7 20. Nf3 Nf8 21. Bd2 Bb4 22. Bxb4 Qxb4 23. c5 Ng6 24. h4 Ne7 25. Ne5 f6 26. Nc4 Bg6 27. Qc3 Qxc3 28. Rxc3 Nf5 29. Rcd3 Ra7 30. R3d2 Ne7 31. Nd6 Nc8 32. Nc4 Bf7 33. f4 Ne7 34. Be4 Nf5 35. Bxf5 exf5 36. Nd6 Kf8 37. Nxf7 Kxf7 38. d5 cxd5 39. Rxd5 Rxd5 40. Rxd5 Ke7 41. b4 Ra4 42. Rd4 Ra8 43. Kf2 h6 44. Ke3 g5 45. Kd3 b5 46. hxg5 hxg5 47. Rd7+ Kxd7 0-1


[Site "https://www.chess.com"]

[Event "Titled Tuesday Blitz June 6 Early 2023"]
[White "Elsa167"]
[Black "Toncheva, Nadya"]
[BlackFideId "2924056"]
[WhiteElo "2912"]
[BlackElo "2101"]
[Result "1-0"]
[Round "1"]
[TimeControl "180+2"]
[Date "2023.06.06"]
[WhiteClock "0:00:29"]
[BlackClock "0:00:09"]
[Board "26"]

1. e4 c5 2. Nf3 Nc6 3. Bb5 e6 4. Bxc6 bxc6 5. d3 Ne7 6. b3 d6 7. Bb2 e5 8. O-O Ng6 9. c3 Be7 10. d4 cxd4 11. cxd4 Qc7 12. dxe5 dxe5 13. Nbd2 Be6 14. Rc1 O-O 15. Qc2 Rac8 16. Nc4 f6 17. Rfd1 Rfd8 18. Bc3 Rxd1+ 19. Rxd1 Rd8 20. Ba5 Rxd1+ 21. Qxd1 Qd7 22. Qxd7 Bxd7 23. Nfd2 Nf4 24. Kf1 Kf7 25. f3 Bc5 26. Bc3 Ne6 27. Na5 Ke7 28. Nb7 Bd4 29. Bxd4 Nxd4 30. Nc4 Be6 31. Ne3 Bc8 32. Nc5 Kd6 33. b4 g6 34. Ke1 Ne6 35. Nc4+ Kc7 36. Kd2 Nxc5 37. bxc5 Be6 38. Nd6 Bxa2 39. Ne8+ Kd8 40. Nxf6 h5 41. h4 a5 42. Kc3 Be6 43. Nh7 Kc7 44. Ng5 Bg8 45. g3 Kb7 46. f4 exf4 47. gxf4 Kc7 48. Nf3 Bf7 49. Ne5 Be8 50. Kb3 Kb7 51. Ka4 Ka6 52. f5 g5 53. hxg5 h4 54. g6 h3 55. Nf3 1-0


[Site "https://www.chess.com"]

[Event "Titled Tuesday Blitz June 6 Early 2023"]
[White "cristianserban1"]
[Black "Terry, Renato"]
[BlackFideId "3803457"]
[WhiteElo "2476"]
[BlackElo "2575"]
[Result "0-1"]
[Round "1"]
[TimeControl "180+2"]
[Date "2023.06.06"]
[WhiteClock "0:00:49"]
[BlackClock "0:02:03"]
[Board "27"]

1. d4 e6 2. Bf4 Nf6 3. Nf3 b6 4. e3 Bb7 5. Be2 Bd6 6. Bxd6 cxd6 7. O-O d5 8. c4 dxc4 9. Bxc4 O-O 10. Nc3 d6 11. Rc1 a6 12. a4 Nbd7 13. Qe2 d5 14. Bd3 Qe7 15. Nd2 Qb4 16. Qd1 Qxb2 17. Qb3 Qxb3 18. Nxb3 Rfc8 19. a5 b5 20. Na2 Ne8 21. Nb4 Nd6 22. Nc5 Nxc5 23. Rxc5 Nc4 24. Rxc8+ Rxc8 25. Rc1 Nxa5 0-1


[Site "https://www.chess.com"]

[Event "Titled Tuesday Blitz June 6 Early 2023"]
[White "Samadov, Read"]
[Black "Bettalli, Francesco"]
[WhiteFideId "13417444"]
[BlackFideId "2816453"]
[WhiteElo "2355"]
[BlackElo "2216"]
[Result "1-0"]
[Round "1"]
[TimeControl "180+2"]
[Date "2023.06.06"]
[WhiteClock "0:01:38"]
[BlackClock "0:01:32"]
[Board "28"]

1. d4 g6 2. c4 Bg7 3. e4 c5 4. d5 d6 5. Nc3 Nf6 6. Be2 O-O 7. Be3 Nbd7 8. Nf3 a6 9. a4 Rb8 10. O-O Qb6 11. Qc2 Ne8 12. h4 Ne5 13. Nxe5 Bxe5 14. h5 Ng7 15. h6 Ne8 16. f4 Bd4 17. Qd2 f5 18. a5 Qa7 19. Rad1 fxe4 20. Nxe4 Bxe3+ 21. Qxe3 b5 22. axb6 Rxb6 23. Qc3 Nf6 24. g4 Nxe4 25. Qg7# 1-0


[Site "https://www.chess.com"]

[Event "Titled Tuesday Blitz June 6 Early 2023"]
[White "Kokoszczynski, Jan"]
[Black "Talibov, Shiroghlan"]
[WhiteFideId "1174460"]
[BlackFideId "13429078"]
[WhiteElo "2139"]
[BlackElo "2274"]
[Result "0-1"]
[Round "1"]
[TimeControl "180+2"]
[Date "2023.06.06"]
[WhiteClock "0:00:01"]
[BlackClock "0:00:05"]
[Board "29"]

1. d4 Nf6 2. c4 e6 3. Nc3 d5 4. cxd5 exd5 5. Bg5 c6 6. e3 Bd6 7. Bd3 h6 8. Bh4 O-O 9. Nf3 Re8 10. O-O Bg4 11. h3 Bh5 12. g4 Bg6 13. Bxg6 fxg6 14. Qd3 g5 15. Bg3 Bxg3 16. fxg3 Qd6 17. Kg2 Nbd7 18. Nd2 Re7 19. Rf3 Rae8 20. Raf1 a6 21. a3 Re6 22. Re1 Qe7 23. Nf1 Nb6 24. Nd2 Nc8 25. Re2 Nd6 26. Na4 Nfe4 27. b4 Nxd2 28. Qxd2 Nc4 29. Qd3 Nxe3+ 30. Kg1 Nc4 31. Rxe6 Qxe6 32. Nc5 Qe7 33. Kg2 Nd6 34. Qg6 Nc4 35. Rf2 Ne3+ 36. Kh2 Nd1 37. Rd2 Qe1 38. Ra2 Nc3 39. Rc2 Re7 40. Rg2 Qe3 41. Nd3 Qxd4 42. Nc5 Ne4 43. Qf5 Nxc5 44. bxc5 Qf6 45. Qc8+ Qf8 46. Qxf8+ Kxf8 0-1


[Site "https://www.chess.com"]

[Event "Titled Tuesday Blitz June 6 Early 2023"]
[White "Aravindh, Chithambaram VR."]
[Black "Ljukin, Sergei"]
[WhiteFideId "5072786"]
[BlackFideId "14102200"]
[WhiteElo "2596"]
[BlackElo "2312"]
[Result "1-0"]
[Round "1"]
[TimeControl "180+2"]
[Date "2023.06.06"]
[WhiteClock "0:02:02"]
[BlackClock "0:01:25"]
[Board "30"]

1. b3 e5 2. Bb2 Nc6 3. c4 Nf6 4. Nf3 e4 5. Nd4 Nxd4 6. Bxd4 d5 7. cxd5 Qxd5 8. Bxf6 gxf6 9. Nc3 Qe5 10. g3 Bf5 11. Bg2 O-O-O 12. O-O h5 13. h4 Bc5 14. e3 Rd3 15. Ne2 Rhd8 16. Nf4 Rxd2 17. Qxh5 R2d7 18. Rac1 Bb6 19. Rc4 a6 20. Rfc1 Kb8 21. Rf1 Rd1 22. Rxd1 Rxd1+ 23. Qxd1 1-0


[Site "https://www.chess.com"]

[Event "Titled Tuesday Blitz June 6 Early 2023"]
[White "Tomaszewski, Kacper"]
[Black "Tang, Andrew"]
[WhiteFideId "1127373"]
[BlackFideId "2059630"]
[WhiteElo "2211"]
[BlackElo "2600"]
[Result "0-1"]
[Round "1"]
[TimeControl "180+2"]
[Date "2023.06.06"]
[WhiteClock "0:00:01"]
[BlackClock "0:00:05"]
[Board "31"]

1. d4 d5 2. c4 e6 3. Nc3 Be7 4. Nf3 Nf6 5. Bg5 h6 6. Bxf6 Bxf6 7. e3 O-O 8. cxd5 exd5 9. Bd3 c5 10. O-O Nc6 11. dxc5 Bxc3 12. bxc3 Qa5 13. c4 dxc4 14. Bxc4 Qxc5 15. Qd5 Qe7 16. Bb5 Rd8 17. Qc4 Be6 18. Qe4 Qd6 19. Bxc6 bxc6 20. Qe5 c5 21. Rfc1 Rac8 22. h3 Qe7 23. Rc3 Rd5 24. Qe4 Qd6 25. Qc2 Bf5 26. e4 Bg6 27. Qa4 Rd3 28. e5 Qe7 29. Rac1 Rd5 30. Qa6 Rc7 31. Qc4 Qe6 32. Qb5 Be4 33. Rxc5 Rcxc5 34. Rxc5 Bxf3 35. gxf3 Rd1+ 36. Kh2 Qg6 37. Qe8+ Kh7 0-1


[Site "https://www.chess.com"]

[Event "Titled Tuesday Blitz June 6 Early 2023"]
[White "Rustemov, Alexander"]
[Black "Lehtosaari, Mauri"]
[WhiteFideId "4119002"]
[BlackFideId "501999"]
[WhiteElo "2884"]
[BlackElo "2468"]
[Result "1-0"]
[Round "1"]
[TimeControl "180+2"]
[Date "2023.06.06"]
[WhiteClock "0:00:19"]
[BlackClock "0:00:09"]
[Board "32"]

1. d4 d5 2. c4 c6 3. Nc3 Nf6 4. e3 a6 5. Qc2 g6 6. Nf3 Bf5 7. Qb3 b5 8. cxd5 cxd5 9. a4 bxa4 10. Nxa4 Nbd7 11. Be2 Bg7 12. O-O O-O 13. Bd2 a5 14. Rfc1 h6 15. h3 g5 16. Nc5 Ne4 17. Nxe4 Bxe4 18. Qa4 Nb6 19. Qb5 Nc8 20. Bxa5 Qd6 21. Bb4 Rxa1 22. Rxa1 Qe6 23. Ra6 Nd6 24. Bxd6 exd6 25. Qc6 Rb8 26. Ra8 Rxa8 27. Qxa8+ Kh7 28. Qc6 Qe7 29. b4 Qa7 30. Qc1 Qa2 31. Kf1 Qb3 32. b5 Bd3 33. Qd2 Bxb5 34. Bxb5 Qb1+ 35. Ne1 Qxb5+ 36. Qd3+ Qxd3+ 37. Nxd3 Kg6 38. Nb4 Kf5 39. Nxd5 Ke6 40. Nc3 d5 41. g4 Bf8 42. Ke2 Bb4 43. Kd3 Ba5 44. Ne2 Bc7 45. f3 Bd6 46. e4 Bc7 47. Nc3 dxe4+ 48. fxe4 Bf4 49. Nd5 Bb8 50. Ne3 Bd6 51. Nf5 Bf8 52. e5 Kd5 53. Ne3+ Ke6 54. Ke4 Ba3 55. d5+ Ke7 56. Nf5+ Kf8 57. Nxh6 Kg7 58. Nf5+ Kg6 59. d6 f6 60. e6 1-0


[Site "https://www.chess.com"]

[Event "Titled Tuesday Blitz June 6 Early 2023"]
[White "Hirneise, Jens"]
[Black "Ahmadzada, Ahmad"]
[WhiteFideId "24614734"]
[BlackFideId "13413007"]
[WhiteElo "2345"]
[BlackElo "2388"]
[Result "0-1"]
[Round "1"]
[TimeControl "180+2"]
[Date "2023.06.06"]
[WhiteClock "0:01:53"]
[BlackClock "0:02:21"]
[Board "33"]

1. d4 Nf6 2. Bf4 b6 3. Nf3 Bb7 4. e3 e6 5. Be2 Be7 6. O-O Nh5 7. Bg3 Nxg3 8. hxg3 O-O 9. c4 c5 10. Nc3 d6 11. d5 e5 12. e4 Nd7 13. Ne1 g6 14. Nd3 Kg7 15. f4 exf4 16. gxf4 Bf6 17. e5 dxe5 18. f5 e4 19. Nxe4 Bd4+ 20. Ndf2 Qh4 21. Qd3 Ne5 22. f6+ Kh8 23. Qh3 Qxe4 24. Qh6 Rg8 25. Rae1 Qe3 26. Qh4 g5 27. Qh5 Qg3 28. Bd1 Rae8 29. Bc2 Bxf2+ 30. Rxf2 Nf3+ 31. Rxf3 Rxe1+ 32. Rf1 Rxf1+ 33. Kxf1 Qf4+ 34. Kg1 Qc1+ 35. Bd1 Rg6 0-1


[Site "https://www.chess.com"]

[Event "Titled Tuesday Blitz June 6 Early 2023"]
[White "Grigorjev, Iljya"]
[Black "Khromkin, Andrey"]
[WhiteFideId "24159565"]
[BlackFideId "4154126"]
[WhiteElo "2323"]
[BlackElo "2466"]
[Result "1-0"]
[Round "1"]
[TimeControl "180+2"]
[Date "2023.06.06"]
[WhiteClock "0:01:44"]
[BlackClock "0:02:12"]
[Board "34"]

1. d4 d5 2. c4 dxc4 3. Nf3 a6 4. e3 Bg4 5. Bxc4 e6 6. O-O Nc6 7. h3 Bh5 8. Nc3 Nf6 9. b3 Bd6 10. Bb2 O-O 11. Be2 Qe7 12. e4 Rad8 13. e5 Bxe5 14. Nxe5 Nxd4 15. Bxh5 Nf5 16. Qf3 Nd4 17. Bxf7+ Rxf7 18. Qxb7 1-0


[Site "https://www.chess.com"]

[Event "Titled Tuesday Blitz June 6 Early 2023"]
[White "Dushyant Sharma"]
[Black "Nguyen, Ngoc Truong Son"]
[WhiteFideId "25065130"]
[BlackFideId "12401110"]
[WhiteElo "2198"]
[BlackElo "2556"]
[Result "0-1"]
[Round "1"]
[TimeControl "180+2"]
[Date "2023.06.06"]
[WhiteClock "0:00:17"]
[BlackClock "0:01:23"]
[Board "35"]

1. e4 c5 2. Nf3 e6 3. d4 cxd4 4. Nxd4 a6 5. Nc3 b5 6. f4 Bb7 7. Bd3 Nc6 8. Be3 Nf6 9. e5 Nxd4 10. Bxd4 Nd5 11. Nxd5 Bxd5 12. O-O g6 13. a4 b4 14. Qe2 a5 15. c4 bxc3 16. bxc3 Be7 17. Be4 Bxe4 18. Qxe4 O-O 19. Rad1 Qc7 20. Rd3 Qc6 21. Qxc6 dxc6 22. Rfd1 Rfb8 23. Bf2 Rb7 24. Rd7 Rab8 25. h3 Kf8 26. Kh2 Ke8 27. Ba7 Rxd7 28. Rxd7 Kxd7 29. Bxb8 Bc5 30. Kg3 Kc8 31. Bd6 Bxd6 32. exd6 Kd7 33. Kg4 f6 34. Kf3 Kxd6 35. Ke4 Kc5 36. Kd3 h5 37. h4 Kd5 38. c4+ Kc5 39. Kc3 e5 40. g3 e4 41. f5 gxf5 42. Kd2 Kxc4 43. Ke3 Kd5 44. g4 fxg4 0-1


[Site "https://www.chess.com"]

[Event "Titled Tuesday Blitz June 6 Early 2023"]
[White "Svane, Frederik"]
[Black "Papayan, Oleg"]
[WhiteFideId "12923044"]
[BlackFideId "4193911"]
[WhiteElo "2502"]
[BlackElo "2167"]
[Result "1-0"]
[Round "1"]
[TimeControl "180+2"]
[Date "2023.06.06"]
[WhiteClock "0:00:17"]
[BlackClock "0:00:11"]
[Board "36"]

1. e4 e5 2. Nf3 Nc6 3. Bb5 Nf6 4. d3 Bc5 5. Bxc6 dxc6 6. h3 Qe7 7. Nc3 Bd6 8. Be3 Be6 9. a4 a5 10. O-O Nd7 11. Ng5 Nf8 12. Ne2 Bd7 13. Ng3 f6 14. Nf3 g6 15. d4 exd4 16. Bxd4 Ne6 17. e5 Nxd4 18. exd6 Nxf3+ 19. Qxf3 cxd6 20. Rfe1 Be6 21. Re3 Kf7 22. Rae1 Rhe8 23. Qf4 Qf8 24. Ne4 Kg7 25. Nxd6 Bd7 26. Nxe8+ Bxe8 27. Re7+ Bf7 28. R1e6 Rd8 29. Qxf6+ Kg8 30. Rd6 Re8 31. Rxe8 Bxe8 32. Qxf8+ Kxf8 33. Rd8 Ke7 34. Rb8 Kd6 35. Rxb7 Bd7 36. Ra7 c5 37. Rxa5 Bc6 38. Ra6 Kd5 39. Rxc6 Kxc6 40. b3 Kd5 41. f4 Kd4 42. a5 Kc3 43. a6 Kxc2 44. a7 Kxb3 45. a8=Q c4 46. Qd5 Kb4 47. Kf2 c3 48. Ke3 Ka3 49. Kd3 Kb2 50. Qb5+ Kc1 51. Kxc3 g5 52. Qf1# 1-0


[Site "https://www.chess.com"]

[Event "Titled Tuesday Blitz June 6 Early 2023"]
[White "LangesNasenhaar"]
[Black "Galchenko, Matvey"]
[BlackFideId "24175480"]
[WhiteElo "2461"]
[BlackElo "2423"]
[Result "0-1"]
[Round "1"]
[TimeControl "180+2"]
[Date "2023.06.06"]
[WhiteClock "0:00:25"]
[BlackClock "0:01:52"]
[Board "37"]

1. d4 Nf6 2. Nc3 c5 3. d5 d6 4. e4 g6 5. Nf3 Bg7 6. Bb5+ Bd7 7. a4 O-O 8. O-O Bxb5 9. axb5 a6 10. Qe2 Ne8 11. Bd2 Nc7 12. bxa6 Rxa6 13. Rxa6 Nbxa6 14. h3 Qd7 15. e5 Nb4 16. Rd1 Nxc2 17. Bf4 Nb4 18. Qc4 b5 19. Qb3 Nd3 20. Bg3 c4 21. Qa2 dxe5 22. b3 Nxd5 23. Nxd5 Qxd5 24. bxc4 bxc4 25. Qa7 e4 26. Nd2 c3 0-1


[Site "https://www.chess.com"]

[Event "Titled Tuesday Blitz June 6 Early 2023"]
[White "Horak, Martin"]
[Black "Fridman, Daniel"]
[WhiteFideId "367095"]
[BlackFideId "11600454"]
[WhiteElo "2091"]
[BlackElo "2538"]
[Result "0-1"]
[Round "1"]
[TimeControl "180+2"]
[Date "2023.06.06"]
[WhiteClock "0:00:07"]
[BlackClock "0:01:46"]
[Board "39"]

1. d4 d5 2. c4 e6 3. Nf3 Nf6 4. Nc3 c6 5. e3 a6 6. Be2 Nbd7 7. b3 Bb4 8. Bd2 O-O 9. O-O Bd6 10. Bd3 e5 11. dxe5 Nxe5 12. Nxe5 Bxe5 13. h3 Be6 14. cxd5 Nxd5 15. Rc1 Nb4 16. Bb1 g6 17. Ne4 a5 18. Bc3 Bxc3 19. Rxc3 Qxd1 20. Rxd1 Rfd8 21. Rcc1 b6 22. Nc3 Kf8 23. Kf1 Ke7 24. Ke2 f5 25. Rxd8 Rxd8 26. Rd1 Ra8 27. Na4 b5 28. Nc5 Bd5 29. a3 Na6 30. Nxa6 Rxa6 31. e4 Bxb3 32. Rd2 Be6 33. exf5 gxf5 34. Ke3 b4 35. axb4 axb4 36. Bd3 Ra3 37. Rc2 Kd6 38. f3 c5 39. g4 c4 0-1


[Site "https://www.chess.com"]

[Event "Titled Tuesday Blitz June 6 Early 2023"]
[White "Bachmann, Axel"]
[Black "Balla, Tamas-Kristof"]
[WhiteFideId "3700488"]
[BlackFideId "1208497"]
[WhiteElo "2605"]
[BlackElo "2334"]
[Result "1/2-1/2"]
[Round "1"]
[TimeControl "180+2"]
[Date "2023.06.06"]
[WhiteClock "0:00:14"]
[BlackClock "0:00:13"]
[Board "40"]

1. e4 c5 2. Nf3 Nc6 3. d4 cxd4 4. Nxd4 e5 5. Nb5 d6 6. c4 Be7 7. Bd3 a6 8. N5c3 Bg5 9. O-O Bxc1 10. Qxc1 Nge7 11. Qg5 O-O 12. Nd2 Be6 13. b3 Qd7 14. Nd5 Bxd5 15. exd5 Nd4 16. Nf3 Nxf3+ 17. gxf3 Ng6 18. Bf5 Qc7 19. Kh1 Qe7 20. Qh5 h6 21. Rg1 Kh8 22. Bxg6 fxg6 23. Rxg6 Rf4 24. Rag1 Raf8 25. Rxg7 Qxg7 26. Rxg7 Kxg7 27. Kg2 R8f5 28. Qe8 Rxf3 29. Qe7+ Rf7 30. Qxd6 Rxf2+ 31. Kg3 R7f3+ 32. Kg4 Rf4+ 33. Kg3 R4f3+ 34. Kg4 Rf4+ 35. Kg3 R4f3+ 1/2-1/2


[Site "https://www.chess.com"]

[Event "Titled Tuesday Blitz June 6 Early 2023"]
[White "Sanhueza, Cristian"]
[Black "Sanal, Vahap"]
[WhiteFideId "116815"]
[BlackFideId "6300545"]
[WhiteElo "2174"]
[BlackElo "2606"]
[Result "0-1"]
[Round "1"]
[TimeControl "180+2"]
[Date "2023.06.06"]
[WhiteClock "0:00:02"]
[BlackClock "0:00:39"]
[Board "41"]

1. e4 d6 2. d4 Nf6 3. Nc3 e5 4. Nf3 Nbd7 5. Bc4 Be7 6. O-O O-O 7. a4 c6 8. Qe2 h6 9. Rd1 Qc7 10. dxe5 Nxe5 11. Nxe5 dxe5 12. h3 Bc5 13. Qf3 Qe7 14. Qg3 Kh7 15. Qh4 Be6 16. Bd3 Rfd8 17. Kh1 Ng4 18. Qxe7 Nxf2+ 19. Kg1 Nxd3+ 20. Qxc5 Nxc5 21. Be3 Na6 22. Rxd8 Rxd8 23. Bxa7 Rd2 24. Rc1 Nb4 25. Be3 Rxc2 26. Rxc2 Nxc2 27. Bc5 f6 28. Kf2 Kg6 29. Ke2 Bc4+ 30. Kd2 Na1 31. Bb6 Bf1 32. g3 Bxh3 33. a5 Bf1 34. Na4 Ba6 35. Kc3 Kg5 36. b4 Kg4 37. Kb2 Kxg3 38. Bc5 h5 39. Nc3 h4 40. Kxa1 h3 41. Bg1 Kg2 0-1


[Site "https://www.chess.com"]

[Event "Titled Tuesday Blitz June 6 Early 2023"]
[White "Mitrabha, Guha"]
[Black "Principe, Alexander"]
[WhiteFideId "5057000"]
[BlackFideId "3804542"]
[WhiteElo "2507"]
[BlackElo "2203"]
[Result "1-0"]
[Round "1"]
[TimeControl "180+2"]
[Date "2023.06.06"]
[WhiteClock "0:00:16"]
[BlackClock "0:00:08"]
[Board "42"]

1. Nf3 Nf6 2. e3 g6 3. b3 Bg7 4. Bb2 O-O 5. d4 d6 6. Nbd2 c5 7. Be2 Bf5 8. c4 Nbd7 9. d5 e5 10. Nh4 Ne4 11. Nxf5 gxf5 12. Qc2 Nxd2 13. Qxd2 e4 14. O-O Bxb2 15. Qxb2 Qf6 16. Qd2 Ne5 17. f4 exf3 18. Bxf3 Qg6 19. Be2 Rae8 20. Rae1 Ng4 21. Rf3 Qh6 22. Rh3 Qg5 23. Bd3 Re5 24. Rf1 Rfe8 25. Rff3 Kh8 26. Rhg3 Qh5 27. h3 Nh6 28. Qf2 f6 29. Be2 Qf7 30. Rf4 Qe7 31. Rh4 Nf7 32. Bd3 Ng5 33. Bxf5 Rxe3 34. Rxe3 Qxe3 35. Rf4 Qc1+ 36. Kh2 Re1 37. h4 Nf7 38. Bc2 Ne5 39. Kg3 Re3+ 40. Kh2 Re1 41. Be4 h5 42. Kg3 Re3+ 43. Bf3 Kg7 44. Rf5 Nxf3 45. Rxf3 Rxf3+ 46. Qxf3 Qh6 47. Kh2 Qg6 48. Qf4 Qg4 49. Qxg4+ hxg4 50. Kg3 f5 51. Kf4 Kg6 52. g3 Kf6 53. h5 a6 54. a3 a5 55. a4 b6 56. h6 Kg6 57. h7 Kxh7 58. Kxf5 1-0


[Site "https://www.chess.com"]

[Event "Titled Tuesday Blitz June 6 Early 2023"]
[White "Estrada Nieto, Julian"]
[Black "demon64fields"]
[WhiteFideId "5101018"]
[WhiteElo "2161"]
[BlackElo "2853"]
[Result "0-1"]
[Round "1"]
[TimeControl "180+2"]
[Date "2023.06.06"]
[WhiteClock "0:00:01"]
[BlackClock "0:01:01"]
[Board "43"]

1. e4 e6 2. d4 d5 3. Nd2 c5 4. exd5 exd5 5. Ngf3 Nc6 6. Bb5 Bd6 7. dxc5 Bxc5 8. Nb3 Bb6 9. O-O Ne7 10. Re1 O-O 11. Be3 Bf5 12. Bd3 Bg6 13. c3 Bc7 14. Bc5 Re8 15. Nbd4 Qd7 16. Bxe7 Rxe7 17. Bxg6 hxg6 18. Rxe7 Qxe7 19. Qd3 Qf6 20. Re1 Rd8 21. g3 Bb6 22. Kg2 g5 23. h3 g6 24. Re2 Kg7 25. Nc2 Rd6 26. Ne3 d4 27. Ng4 Qf5 28. Re4 Re6 29. Nd2 dxc3 30. Qxc3+ f6 31. Rxe6 Qxe6 32. Qd3 Bd4 33. b3 f5 34. Ne3 Bxe3 35. Qxe3 Ne5 36. Qd4 Kf7 37. Kf1 Nc6 38. Qc4 a6 39. Qxe6+ Kxe6 40. Ke2 Ne5 41. f4 gxf4 42. gxf4 Nd7 43. Ke3 Nf6 44. Nc4 b5 45. Ne5 g5 46. Nd3 g4 47. hxg4 fxg4 48. Kf2 Kf5 49. Kg3 Ne4+ 50. Kh4 Nc3 0-1


[Site "https://www.chess.com"]

[Event "Titled Tuesday Blitz June 6 Early 2023"]
[White "Dragnev, Valentin"]
[Black "Goffredo_Fofi"]
[WhiteFideId "1634852"]
[WhiteElo "2487"]
[BlackElo "2456"]
[Result "0-1"]
[Round "1"]
[TimeControl "180+2"]
[Date "2023.06.06"]
[WhiteClock "0:00:05"]
[BlackClock "0:00:09"]
[Board "44"]

1. e4 Nf6 2. e5 Nd5 3. d4 d6 4. Nf3 dxe5 5. Nxe5 c6 6. c3 Bf5 7. Bd3 Bxd3 8. Qxd3 Nd7 9. Nf3 e6 10. O-O Bd6 11. Nbd2 N5f6 12. Re1 O-O 13. Nc4 Be7 14. a4 c5 15. Bg5 Rc8 16. Rad1 h6 17. Bh4 cxd4 18. Qxd4 Qc7 19. Nce5 Nxe5 20. Nxe5 Rfd8 21. Qf4 Rxd1 22. Rxd1 Rd8 23. Re1 Rd5 24. Bg3 Bd6 25. Qe3 Bc5 26. Qe2 Bd6 27. h3 a6 28. Kh2 b5 29. axb5 axb5 30. Qe3 Bc5 31. Qe2 Bd6 32. f4 Bxe5 33. fxe5 Nd7 34. Qh5 Nf8 35. Re2 Ng6 36. Qg4 Qc4 37. Qf3 Qc7 38. Rf2 Qd7 39. Qe4 Qc7 40. Rf3 Nxe5 41. Re3 f6 42. b3 Qc6 43. Qf4 Qc5 44. Re4 Rd3 45. c4 bxc4 46. bxc4 Rc3 47. Qf1 Rxc4 48. Re2 Rd4 49. Bxe5 fxe5 50. Rf2 Qe7 51. Qe2 Rd5 52. Qe4 Qe8 53. Rc2 Rb5 54. Rc7 Rb8 55. Qg4 Qf8 56. Qxe6+ Kh8 57. Rf7 Re8 58. Qg6 Qg8 59. Qf5 Rd8 60. Re7 Re8 61. Rf7 Rd8 62. Qe4 Qxf7 63. h4 Qf8 64. h5 Qd6 65. Qf5 Qf6 66. Qg4 Rf8 67. Qe4 Qf4+ 68. Qxf4 exf4 69. Kh3 Rf6 70. Kg4 Kg8 71. Kf3 Kf7 0-1


[Site "https://www.chess.com"]

[Event "Titled Tuesday Blitz June 6 Early 2023"]
[White "Dinu, Dumitru-Daniel"]
[Black "Beerdsen, Thomas"]
[WhiteFideId "1208403"]
[BlackFideId "1030108"]
[WhiteElo "2240"]
[BlackElo "2553"]
[Result "0-1"]
[Round "1"]
[TimeControl "180+2"]
[Date "2023.06.06"]
[WhiteClock "0:00:44"]
[BlackClock "0:02:18"]
[Board "45"]

1. e4 c5 2. b3 b6 3. Bb2 Bb7 4. Nc3 Nf6 5. e5 Ne4 6. Nxe4 Bxe4 7. Nf3 Nc6 8. Bc4 e6 9. O-O Be7 10. Re1 Bg6 11. d4 cxd4 12. Nxd4 O-O 13. Nxc6 dxc6 14. Qf3 Qd2 15. Re2 Qg5 16. Qxc6 Rac8 17. Qf3 Bh5 18. Qe3 Bxe2 19. Qxe2 Rfd8 20. Rd1 Rxd1+ 21. Qxd1 Rd8 22. Bd3 Bc5 23. Qe2 g6 24. a4 h5 25. Qf3 Bd4 26. Bxd4 Rxd4 27. Qa8+ Kg7 28. g3 h4 29. Qxa7 Qxe5 30. Qxb6 h3 31. Bf1 Rd1 32. Qb5 Qe4 33. f3 Qe3+ 34. Kh1 Qxf3+ 0-1


[Site "https://www.chess.com"]

[Event "Titled Tuesday Blitz June 6 Early 2023"]
[White "Yeletsky, Ivan"]
[Black "Pham, Le Thao Nguyen"]
[WhiteFideId "24180327"]
[BlackFideId "12401226"]
[WhiteElo "2380"]
[BlackElo "2286"]
[Result "1-0"]
[Round "1"]
[TimeControl "180+2"]
[Date "2023.06.06"]
[WhiteClock "0:00:05"]
[BlackClock "0:00:03"]
[Board "46"]

1. e4 c6 2. Nc3 d5 3. Qf3 dxe4 4. Nxe4 Nf6 5. Bc4 Qa5 6. Ne2 Qf5 7. Nxf6+ exf6 8. Qe3+ Qe5 9. Qb3 Qc7 10. a4 Bd6 11. Qe3+ Qe7 12. O-O O-O 13. Qxe7 Bxe7 14. Ng3 Rd8 15. Re1 Bf8 16. d3 Bb4 17. Re4 Bd6 18. Bf4 Bxf4 19. Rxf4 Be6 20. Re1 Bxc4 21. Rxc4 Nd7 22. Rb4 b6 23. Nf5 Kf8 24. Rh4 h6 25. a5 Ne5 26. Ra4 b5 27. Rae4 c5 28. h4 h5 29. b4 cxb4 30. Rxb4 a6 31. Rbe4 g6 32. Ne3 Rd7 33. f4 Nc6 34. f5 Rad8 35. g4 hxg4 36. Rxg4 Ne5 37. Rg3 Rd4 38. Rf1 R8d6 39. fxg6 fxg6 40. h5 gxh5 41. Nf5 Kf7 42. Nxd6+ Rxd6 43. Rf5 h4 44. Rh3 Rc6 45. d4 Nc4 46. Rxh4 Nxa5 47. Rf2 Rd6 48. Rh7+ Ke6 49. Rh6 Kf7 50. Rh7+ Ke6 51. Rc7 Nc4 52. c3 Kd5 53. Rc5+ Ke6 54. Re2+ Kf7 55. Kf2 Rb6 56. Rc7+ Kg6 57. Ree7 Kf5 58. Rg7 Ke6 59. Rge7+ Kf5 60. Red7 Kg6 61. d5 Ne5 62. Re7 Kf5 63. Ke3 Rd6 64. Kd4 a5 65. Kc5 Ra6 66. Ra7 Rxa7 67. Rxa7 a4 68. Kxb5 Ke4 69. c4 f5 70. Rxa4 Kd4 71. d6 f4 72. c5+ Kd5 73. Rxf4 1-0


[Site "https://www.chess.com"]